 Dungeon Crawl Stone Soup version 0.27-a0-1140-g099f9bb0e8 (webtiles) character file.

Game seed: 313928130508051674

12301 bilbop the Black Crusader (level 11, -34/79 HPs)
             Began as a Djinni Venom Mage on May 8, 2021.
             Was a Priest of Yredelemnul.
             Annihilated by a titanic slime creature (77 damage)
             ... on level 12 of the Dungeon.
             The game lasted 01:12:27 (11297 turns).

bilbop the Black Crusader (Djinni Venom Mage)      Turns: 11297, Time: 01:12:28

Health: -34/79     AC:  7    Str:  9    XL:     11   Next: 91%
Gold:   1259       EV: 12    Int: 19    God:    Yredelemnul [***...] SH:  7 Dex: 15

rFire    + + +     SeeInvis .   q - +4 trident
rCold    + . .     Faith    .   h - +2 buckler of Kozuop {rC+}
rNeg     + . .     Spirit   .   r - +0 leather armour
rPois    ∞         Reflect  .   K - +1 hat of Atheism {rElec Regen+ Str+2}
rElec    +         Harm     .   a - scarf {rC+ rF+}
rCorr    +         Rampage  .   z - +2 pair of gloves {Stlth+}
Will     +....                  (boots unavailable)
Stlth    ++++......             l - amulet of regeneration
HPRegen  2.23/turn              p - ring of wizardry
MPRegen  0.00/turn              s - ring "Waf Kou" {rN+ rCorr Slay+3}

@: flying, studying 2 skills
A: sickness immunity, fire resistance 2, cold vulnerability 1, float, innate
caster, hp casting, extra vitality 1
a: Renounce Religion, Recall Undead Slaves, Injury Mirror, Animate Dead


You were on level 12 of the Dungeon.
You worshipped Yredelemnul.
Yredelemnul was most pleased with you.
You visited 2 branches of the dungeon, and saw 13 of its levels.

You collected 1901 gold pieces.
You spent 642 gold pieces at shops.

Inventory:

Hand Weapons
 q - a +4 trident (weapon)
Missiles
 b - 5 atropa-tipped darts
 x - 7 curare-tipped darts
Armour
 a - a scarf of resistance (worn)
 h - the +2 buckler of Kozuop (worn) {rC+}
   (You acquired it on level 9 of the Dungeon)

   It protects you from cold.
 r - a +0 leather armour (worn)
 z - a +2 pair of gloves of stealth (worn)
 K - the +1 hat of Atheism (worn) {rElec Regen+ Str+2}
   (You found it on level 10 of the Dungeon)

   It affects your strength (+2).
   It insulates you from electricity.
   It increases your rate of health regeneration.
 L - a +2 hat
Jewellery
 l - an amulet of regeneration (around neck)
 p - a ring of wizardry (left hand)
 s - the ring "Waf Kou" (right hand) {rN+ rCorr Slay+3}
   (You found it on level 4 of the Dungeon)

   [ring of positive energy]

   It affects your accuracy and damage with ranged weapons and melee attacks
   (+3).
   It protects you from negative energy.
   It protects you from acid and corrosion.
 u - a ring of see invisible
 A - a ring of ice
 B - a ring of willpower
 D - a ring of ice
Wands
 y - a wand of iceblast (14)
 E - a wand of flame (42)
 F - a wand of polymorph (5)
 G - a wand of digging (7)
 H - a wand of acid (9)
 J - a wand of charming (11)
Scrolls
 d - 4 scrolls of teleportation
 f - 2 scrolls of silence
 g - a scroll of summoning {unknown}
 k - 3 scrolls of fog
 m - a scroll of immolation {unknown}
 n - a scroll of fear
 t - a scroll of blinking {unknown}
 C - a scroll of enchant armour
Potions
 c - 2 potions of ambrosia
 e - 4 potions of curing
 i - 4 potions of might
 j - 4 potions of resistance {unknown}
 o - 4 potions of brilliance {unknown}
 v - 2 potions of magic {unknown}
 w - 4 potions of heal wounds
 I - a potion of flight {unknown}


   Skills:
 + Level 7.5 Fighting
 + Level 7.0 Polearms
 - Level 2.1 Dodging
 + Level 7.1 Stealth
 + Level 4.0 Shields
 * Level 9.6 Spellcasting
 * Level 10.4 Invocations


You had 2 spell levels left.
You knew the following spells:

 Your Spells              Type           Power      Damage    Failure   Level
a - Sting                 Tmut/Pois      100%       1d8       1%          1
b - Poisonous Vapours     Pois/Air       90%        N/A       1%          2
c - Mephitic Cloud        Conj/Pois/Air  45%        N/A       1%          3
d - Ignite Poison         Fire/Tmut/Pois 45%        N/A       1%          3
e - Olgreb's Toxic Radia  Pois           45%        N/A       1%          4
f - Apportation           Tloc           90%        N/A       1%          1
g - Wereblood             Tmut           45%        N/A       1%          2
h - Portal Projectile     Hex/Tloc       90%        N/A       1%          3
i - Gell's Gravitas       Tloc           22%        N/A       1%          3
j - Metabolic Englaciati  Hex/Ice        22%        N/A       2%          5
Your spell library was empty.

Dungeon Overview and Level Annotations

Branches:
Dungeon (12/15)            Temple (1/1) D:5            Lair (0/6) D:9
    Orc: D:9-12

Altars:
Ashenzari
Cheibriados
Dithmenos
Elyvilon
Fedhas
Gozag
Hepliaklqana
Kikubaaqudgha
Makhleb
Nemelex Xobeh
Okawaru
Qazlal
Ru
Sif Muna
Trog
Uskayaw
Vehumet
Wu Jian
Xom
Yredelemnul
Zin
The Shining One
Jiyva

Shops:
D:2 [   D:3 [   D:5 =:(:   D:6 !   D:9 [

Annotations:
D:3 3 runed translucent doors, indyram44's ghost, amateur OpTm
D:10 2 transporters


Innate Abilities, Weirdness & Mutations

You are immune to sickness and miasma.
You are immune to poison.
Your flesh is very heat resistant. (rF++)
You are vulnerable to cold. (rC-)
You float through the air rather than walking.
You learn spells naturally, not from books.
Your magical power is your life essence.
You have superior vitality. (+4 HP)


Message History

Two slime creatures merge to form a titanic slime creature.
The titanic slime creature is engulfed in blazing flames.
Casting: Ignite Poison (safe; 1% risk of failure)
Confirm with . or Enter, or press ? or * to list all spells.
Aiming: Mephitic Cloud (safe; 1% risk of failure)
Press: ? - help, Shift-Dir - straight line, f - titanic slime creature
Aim: a titanic slime creature (severely wounded, not susceptible)
The ball explodes into a vile cloud!
The stinking cloud engulfs the titanic slime creature but does no damage.
The titanic slime creature is severely wounded.
Casting: Mephitic Cloud (safe; 1% risk of failure)
Confirm with . or Enter, or press ? or * to list all spells.
You ignite the poison in your surroundings!
The titanic slime creature closely misses you.
The sting hits the titanic slime creature.
The titanic slime creature is poisoned.
The titanic slime creature is severely wounded.
The titanic slime creature closely misses you.
The sting hits the titanic slime creature.
The titanic slime creature partially resists.
The titanic slime creature is severely wounded.
The titanic slime creature hits you!!!
Ouch! That really hurt!
* * * LOW HITPOINT WARNING * * *
Casting: Sting (safe; 1% risk of failure)
Confirm with . or Enter, or press ? or * to list all spells.
You ignite the poison in your surroundings!
The titanic slime creature seems to burn from within!
The titanic slime creature is severely wounded.
* * * LOW HITPOINT WARNING * * *
The titanic slime creature barely misses you.
A slime creature comes into view.
The slime creature quivers.
The sting hits the titanic slime creature.
The titanic slime creature partially resists.
The titanic slime creature is severely wounded.
The titanic slime creature hits you!!!!
Ouch! That really hurt!
You die...
Your body rises from the dead as a mindless zombie.

#.# #.# #.# ## #.#
#.# ### #.# ##.## #.#
##.#.## #.####.###.##
#........##.#
######.#.#@## ##..J##
#######.#. ##.##
####......... #.#
#....<......# #.#
#.##.######.. #.#
#.##.# ##J## #.##.##
#####..)#####.#>..##
........J.......#.#.#


You could see a titanic slime creature.

Vanquished Creatures
  Fannar (D:12)
  2 two-headed ogres
  Pikel (D:6)
  A deep elf pyromancer (D:10)
  A gargoyle (D:11)
  A hornet (D:11)
  A troll (D:9)
  A slime creature (D:12)
  Grinder (D:4)
  2 shadows (D:10)
  A wraith (D:10)
  21 yaks
  A wyvern (D:10)
  2 acid dragons
  3 orc warriors (D:9)
  A water moccasin (D:6)
  A swamp drake (D:10)
  A sky beast (D:8)
  An ice beast (D:6)
  An ogre (D:6)
  2 centaurs
  A phantom (D:6)
  2 kobold brigands
  A gnoll sergeant (D:9)
  4 bullfrogs
  7 scorpions
  A wyvern skeleton (D:5)
  A water moccasin skeleton (D:2)
  2 killer bees (D:8)
  4 howler monkeys
  A bullfrog zombie (D:5)
  5 centaur zombies
  A crimson imp (D:10)
  6 hounds
  3 orc priests
  2 bullfrog skeletons (D:6)
  A centaur skeleton (D:6)
  An iron imp (D:10)
  3 iguanas
  8 orc wizards
  Natasha (thrice) (D:2)
  2 killer bee zombies
  A hound skeleton (D:4)
  A howler monkey zombie (D:5)
  12 gnolls
  9 adders
  A howler monkey skeleton (D:6)
  2 shadow imps
  2 white imps
  An adder skeleton (D:4)
  2 worms (D:3)
  3 dart slugs
  20 orcs
  6 bats
  5 endoplasms
  3 goblins
  6 hobgoblins
  11 jackals
  3 quokkas
  10 ball pythons
  A frilled lizard (D:2)
  14 kobolds
  A kobold zombie (D:8)
  2 rats
222 creatures vanquished.

Vanquished Creatures (collateral kills)
  A deep elf zephyrmancer (D:10)
  2 wyverns (D:9)
  A yak (D:9)
  An orc warrior (D:9)
  A centaur (D:9)
  An orc wizard (D:8)
  An orc (D:8)
8 creatures vanquished.

Vanquished Creatures (others)
  A killer bee (D:8)
  An elf zombie (D:10)
  A wyvern zombie (D:9)
  5 yak zombies
  An acid dragon zombie (D:11)
  2 centaur zombies
  A kobold zombie (D:8)
  8 orc zombies
20 creatures vanquished.

Grand Total: 250 creatures vanquished

Notes
Turn   | Place    | Note
-------+----------+-------------------------------------------
     0 | D:1      | bilbop the Djinni Venom Mage began the quest for the Orb.
     0 | D:1      | Reached XP level 1. HP: 15/15 MP: 0/0
   301 | D:1      | Reached XP level 2. HP: 22/22 MP: 0/0
   544 | D:1      | Reached skill level 1 in Fighting
   985 | D:1      | Reached XP level 3. HP: 24/27 MP: 0/0
   985 | D:1      | Learned a level 1 spell: Apportation
  1527 | D:2      | Reached XP level 4. HP: 22/32 MP: 0/0
  1705 | D:2      | Found Dopaa's Armour Shoppe.
  2064 | D:2      | Noticed Natasha
  2065 | D:2      | Reached XP level 5. HP: 28/38 MP: 0/0
  2065 | D:2      | Learned a level 2 spell: Wereblood
  2069 | D:2      | HP: 1/38 [white imp/puff of frost[Natasha] (18)]
  2069 | D:2      | Killed Natasha
  2724 | D:2      | Found Dopaa's Armour Shoppe.
  2725 | D:2      | Noticed Natasha
  2757 | D:2      | Killed Natasha
  2850 | D:2      | Noticed Natasha
  2857 | D:2      | Killed Natasha
  2992 | D:3      | Found Rumma's Armour Boutique.
  3152 | D:3      | Reached XP level 6. HP: 38/45 MP: 0/0
  3382 | D:3      | Found a runed translucent gate.
  3382 | D:3      | Found a runed translucent gate.
  3382 | D:3      | Found a runed translucent gate.
  3498 | D:3      | Found a faded altar of an unknown god.
  3956 | D:3      | Noticed indyram44's ghost (amateur OpTm)
  4123 | D:4      | Reached XP level 7. HP: 50/50 MP: 0/0
  4123 | D:4      | Learned a level 3 spell: Portal Projectile
  4228 | D:4      | Reached skill level 5 in Spellcasting
  4250 | D:4      | Identified the ring "Waf Kou" {rN+ rCorr Slay+3}
  4353 | D:4      | Noticed Grinder
  4367 | D:4      | Killed Grinder
  4368 | D:4      | Reached skill level 1 in Polearms
  4397 | D:5      | Entered Level 5 of the Dungeon
  4404 | D:5      | Found a staircase to the Ecumenical Temple.
  4414 | Temple   | Entered the Ecumenical Temple
  4705 | Temple   | Became a worshipper of Yredelemnul the Dark
  4770 | D:5      | Found Leann's Book Shop.
  4859 | D:5      | Reached XP level 8. HP: 45/58 MP: 0/0
  5028 | D:5      | Found Omailoju's Weapon Shop.
  5113 | D:5      | Found Qivaummi's Jewellery Shoppe.
  5178 | D:5      | Found Goli's Book Emporium.
  5585 | D:6      | Noticed Pikel
  5588 | D:6      | Killed Pikel
  5702 | D:6      | Found Ypryun's Distillery.
  5708 | D:6      | Identified 4 scrolls of acquirement
  5725 | D:5      | Acquired 1198 gold pieces
  5811 | D:3      | Bought a +2 pair of gloves of stealth for 258 gold pieces
  5817 | D:3      | Bought a scarf of resistance for 384 gold pieces
  5887 | D:6      | Reached skill level 5 in Fighting
  5887 | D:6      | Reached XP level 9. HP: 58/65 MP: 0/0
  5887 | D:6      | Learned a level 3 spell: Gell's Gravitas
  6089 | D:6      | Reached skill level 5 in Stealth
  6323 | D:6      | Reached * piety under Yredelemnul
  6825 | D:6      | Acquired a manual of Invocations
  6860 | D:6      | Acquired a manual of Polearms
  7003 | D:7      | Reached skill level 1 in Invocations
  7273 | D:7      | Reached skill level 2 in Invocations
  7965 | D:8      | Reached skill level 3 in Invocations
  8028 | D:8      | Found a sparkling altar of Nemelex Xobeh.
  8036 | D:8      | Found a bloodstained altar of Trog.
  8037 | D:8      | Found a white marble altar of Elyvilon.
  8268 | D:8      | Found an iron altar of Okawaru.
  8338 | D:9      | Reached skill level 4 in Invocations
  8360 | D:9      | Found a staircase to the Lair.
  8385 | D:9      | Reached XP level 10. HP: 48/72 MP: 0/0
  8437 | D:9      | Reached skill level 5 in Invocations
  8461 | D:9      | Acquired the +2 buckler of Kozuop {rC+}
  8476 | D:9      | Noticed a two-headed ogre
  8482 | D:9      | Killed a two-headed ogre
  8483 | D:9      | Reached skill level 5 in Polearms
  8483 | D:9      | Reached skill level 1 in Shields
  8483 | D:9      | Reached skill level 6 in Invocations
  8517 | D:9      | Reached ** piety under Yredelemnul
  8592 | D:9      | Reached skill level 7 in Invocations
  8734 | D:9      | Found Nunnuo's Antique Armour Boutique.
  8885 | D:10     | Entered Level 10 of the Dungeon
  8900 | D:10     | Noticed a two-headed ogre
  8906 | D:10     | Killed a two-headed ogre
  8907 | D:10     | Reached skill level 8 in Invocations
  8907 | D:10     | Reached XP level 11. HP: 43/78 MP: 0/0
  8907 | D:10     | Learned a level 5 spell: Metabolic Englaciation
  9149 | D:10     | Noticed a deep elf pyromancer
  9154 | D:10     | Identified the +1 hat of Atheism {rElec Regen+ Str+2}
  9170 | D:10     | Killed a deep elf pyromancer
  9175 | D:10     | Noticed a deep elf zephyrmancer
  9183 | D:10     | Killed a deep elf zephyrmancer
  9301 | D:10     | Found a transporter.
  9302 | D:10     | Found a transporter.
  9305 | D:10     | Found a viscous altar of Jiyva.
  9322 | D:10     | Reached skill level 9 in Invocations
  9979 | D:11     | Reached *** piety under Yredelemnul
 10305 | D:11     | Reached skill level 10 in Invocations
 11155 | D:12     | Noticed Fannar
 11162 | D:12     | Killed Fannar
 11297 | D:12     | Annihilated by a titanic slime creature

Illustrated notes

Levels and vault maps discovered:
D:1:      mrwooster_arrival_statue_2, layout_basic
D:2:      layout_loops_cross, serial_shops, shop, uniq_natasha
D:3:      layout_basic, cheibrodos_sewer_entry_bend, serial_shops, shop,
          gammafunk_ghost_icy, basic_ecumenical_altar
D:4:      layout_basic, st_stairs_1, uniq_grinder
D:5:      layout_loops_corners, minmay_temple_entry_stoned_glass, serial_shops,
          shop, shop, nicolae_shop_stone, kennysheep_little_box
D:6:      wad_crossroads, layout_layer_cave, serial_shops, shop, uniq_pikel
D:7:      layout_basic
D:8:      layout_basic, minitemple
D:9:      layout_rooms, lair_entry_dummy, serial_shops, kennysheep_mini,
          serial_park_tiny_2, minmay_diced_spiral
D:10:     gammafunk_jiyva_shrine, layout_irregular_city, hangedman_minor_magic
D:11:     layout_stronghold
D:12:     layout_loops_ring, erik_orc_3, uniq_gastronok, uniq_fannar,
          uniq_erolcha
Temple:   dpeg_five_rooms_temple

Skill      XL: |  1  2  3  4  5  6  7  8  9 10 11 |
---------------+----------------------------------+-----
Spellcasting   | 3 4 5 6 7 8 9 |  9.6
Fighting       | 1 2 3 4 5 6 7 |  7.5
Stealth        | 2 3 4 5 6 7 |  7.1
Polearms       | 1 2 4 6 7 |  7.0
Invocations    | 4 8 10 | 10.4
Shields        | 2 4 |  4.0
Dodging        | |  2.1

Action                   |  1- 3 |  4- 6 |  7- 9 | 10-12 || total
-------------------------+-------+-------+-------+-------++-------
Melee: Dagger            |    60 |    68 |       |       ||   128
       Trident           |       |     5 |   169 |   123 ||   297
 Cast: Sting             |    27 |    35 |     3 |    10 ||    75
       Poisonous Vapours |     3 |    20 |    25 |    17 ||    65
       Ignite Poison     |       |     9 |    22 |    47 ||    78
       Mephitic Cloud    |       |     3 |    10 |    11 ||    24
       Olgreb's Toxic Ra |       |     1 |     5 |    13 ||    19
       Portal Projectile |       |       |     1 |       ||     1
Invok: Animate Remains   |       |       |     9 |    29 ||    38
       Animate Dead      |       |       |       |     4 ||     4
  Use: Scroll            |       |       |    16 |     4 ||    20
 Stab: Sleeping          |     2 |     3 |    13 |     8 ||    26
       Confused          |       |       |     7 |       ||     7
       Distracted        |       |       |       |     2 ||     2
Armor: Robe              |    11 |     6 |       |       ||    17
       Leather armour    |       |       |    40 |    23 ||    63
Dodge: Dodged            |    56 |    64 |   104 |    48 ||   272
Block: Buckler           |       |       |       |    21 ||    21

Table legend: (Time is in decaauts)
 A = Elapsed time spent in this place.
 B = Non-inter-level travel time spent in this place.
 C = Inter-level travel time spent in this place.
 D = Time resting spent in this place.
 E = Time spent auto-exploring this place.
 F = Levels seen in this place.
 G = Mean time per level.
                   A        B        C        D        E       F      G
               +--------+--------+--------+--------+--------+-----+--------+
         Total |  11327 |  10713 |    614 |   1481 |   7501 |  13 |  871.3 |
       Dungeon |  10985 |  10449 |    536 |   1481 |   7240 |  12 |  915.4 |
        Temple |    341 |    263 |     78 |      0 |    261 |   1 |  341.0 |
               +--------+--------+--------+--------+--------+-----+--------+

Top non-repeatable levels by time:
     D:2: 1802 daAuts
    D:11: 1275 daAuts
     D:3: 1193 daAuts
     D:6: 1088 daAuts
     D:1: 1061 daAuts
    D:10: 976 daAuts
     D:7: 959 daAuts
     D:5: 946 daAuts
     D:9: 555 daAuts
     D:8: 514 daAuts
     D:4: 453 daAuts
  Temple: 341 daAuts
    D:12: 158 daAuts
